 Dungeon Sprint DCSS version 0.26-a0-652-gafc20e3620 (webtiles) character file.

Game seed: 18240805290454357615

563838 Burgietje the End of an Era (level 21, 163/163 HPs)
             Began as a Gargoyle Monk on Oct 1, 2020.
             Was the Champion of Qazlal.
             Escaped with the Orb!
             The game lasted 00:16:58 (9155 turns).

Burgietje the End of an Era (Gargoyle Monk)         Turns: 9155, Time: 00:16:59

Health: 163/163    AC: 66    Str: 28    XL:     21   Next: 92%
Magic:  45/45      EV: 26    Int: 10    God:    Qazlal [******]
Gold:   0          SH: 37    Dex: 15    Spells: 61/61 levels left

rFire    + + .     SeeInvis .   D - +13 lance "Wyrmbane" {slay drac, rPois rF+ rC+ AC+3}
rCold    + + +     Faith    .   w - +1 tower shield {AC+3}
rNeg     + . .     Spirit   .   i - +5 gold dragon scales
rPois    ∞         Reflect  .   O - -2 helmet of the Land of Plenty {rC++} (curse)
rElec    +         Harm     .   z - +1 cloak of Starlight {rElec rC+ EV+4 Stlth--}
rCorr    +         Rampage  .   A - +3 pair of gauntlets of War {Slay+5}
MR       ++...     NoTele   +   (no boots)
Stlth    ..........             j - amulet of the Original Sin {Acrobat MR+}
HPRegen  0.37/turn              P - ring of Nuanleg {+Blink rElec rC+ AC+4 Dex+3}
MPRegen  0.29/turn              u - ring "Lotsylette" {rCorr Str+2}

@: flying, studying 3 skills, repel missiles
A: big wings, negative energy resistance 1, electricity resistance, unbreathing,
petrification resistance, rot immunity, AC +16
0: Orb of Zot
a: Stop Flying, Upheaval, Elemental Force, Disaster Area, Renounce Religion,
Evoke Blink


You escaped.
You worshipped Qazlal.
Qazlal was exalted by your worship.
You visited 1 branch

Inventory:

Hand Weapons
 D - the +13 lance "Wyrmbane" (weapon) {slay drac, rPois rF+ rC+ AC+3}
   (You found it in the Dungeon)

   It affects your AC (+3).
   It protects you from fire.
   It protects you from cold.
   It protects you from poison.
Armour
 i - +5 gold dragon scales (worn)
 w - a +1 tower shield of protection (worn)
 z - the +1 cloak of Starlight (worn) {rElec rC+ EV+4 Stlth--}
   (You found it in the Dungeon)

   It affects your evasion (+4).
   It protects you from cold.
   It insulates you from electricity.
   It makes you much less stealthy.
 A - the +3 pair of gauntlets of War (worn) {Slay+5}
   (You found it in the Dungeon)

   It affects your accuracy and damage with ranged weapons and melee attacks
   (+5).
 K - the +0 pair of gloves of Summer {rN+}
   (You found it in the Dungeon)

   It protects you from negative energy.
 O - the cursed -2 helmet of the Land of Plenty (worn) {rC++}
   (You found it in the Dungeon)

   It greatly protects you from cold.
   It has a curse placed upon it.
Jewellery
 a - an uncursed amulet of regeneration
 j - the amulet of the Original Sin (around neck) {Acrobat MR+}
   (You found it in the Dungeon)

   [amulet of the acrobat]

   It helps you evade while moving and waiting.
   It affects your resistance to hostile enchantments.
 u - the ring "Lotsylette" (right hand) {rCorr Str+2}
   (You found it in the Dungeon)

   [ring of resist corrosion]

   It affects your strength (+2).
   It provides partial protection from all sources of acid and corrosion.
 x - the ring of Shadows {Umbra +Inv Stlth+}
   (You found it in the Dungeon)

   [ring of stealth]

   It lets you turn invisible.
   It makes you more stealthy.
 y - the amulet of Gapped {Spirit Str+4 Int+3 Dex-5}
   (You took it off a deep elf annihilator in the Dungeon)

   [amulet of guardian spirit]

   It causes incoming damage to be split between your health and magic.
   It affects your strength (+4).
   It affects your intelligence (+3).
   It affects your dexterity (-5).
 B - a +6 ring of strength
 E - the amulet "Pikkoheng" {RegenMP +Inv rElec Str+5 Stlth-}
   (You took it off a deep elf annihilator in the Dungeon)

   [amulet of magic regeneration]

   It increases your magic regeneration.
   It affects your strength (+5).
   It insulates you from electricity.
   It lets you turn invisible.
   It makes you less stealthy.
 F - the ring of Cunokhleo {Ice rPois Dex+5}
   (You found it in the Dungeon)

   [ring of ice]

   It enhances your ice magic.
   It affects your dexterity (+5).
   It makes you vulnerable to fire.
   It protects you from cold.
   It protects you from poison.
 P - the ring of Nuanleg (left hand) {+Blink rElec rC+ AC+4 Dex+3}
   (You found it in the Dungeon)

   [ring of protection]

   It affects your AC (+4).
   It affects your dexterity (+3).
   It protects you from cold.
   It insulates you from electricity.
   It lets you blink.
Scrolls
 b - 7 scrolls of brand weapon
 h - 4 scrolls of blinking
 n - 4 scrolls of enchant weapon
 o - 4 scrolls of enchant armour
 r - 8 scrolls of fog
 s - a scroll of holy word
 t - 5 scrolls of identify
 v - 2 scrolls of fear
Potions
 c - 10 potions of curing
 d - 11 potions of heal wounds
 e - 13 potions of haste
 f - 5 potions of magic
 g - 3 potions of berserk rage
 k - 2 potions of brilliance
 l - 2 potions of invisibility
 m - 4 potions of resistance
 p - 2 potions of might
 G - a potion of stabbing
Books
 q - a manual of Slings
 C - a manual of Bows
 H - a manual of Slings
 Q - a manual of Crossbows


   Skills:
 O Level 27 Fighting
 O Level 27 Polearms
 O Level 27 Armour
 O Level 27 Dodging
 - Level 2.1 Stealth
 O Level 27 Shields
 + Level 20.6 Spellcasting
 O Level 27 Invocations
 O Level 27 Evocations


You had 61 spell levels left.
You didn't know any spells.
Your spell library was empty.

Dungeon Overview and Level Annotations

Branches:
Dungeon (1/1)

Altars:
Ashenzari
Cheibriados
Dithmenos
Elyvilon
Fedhas
Gozag
Hepliaklqana
Kikubaaqudgha
Makhleb
Nemelex Xobeh
Okawaru
Qazlal
Ru
Sif Muna
Trog
Uskayaw
Vehumet
Wu Jian
Xom
Yredelemnul
Zin
The Shining One
Beogh
Jiyva
Lugonu


Innate Abilities, Weirdness & Mutations

You are resistant to torment.
Your stone body is resilient. (AC +16)
You are immune to poison.
Your large and strong wings let you fly indefinitely.
You resist negative energy. (rN+)
You are resistant to electric shocks. (rElec)
You can survive without breathing.
You are immune to petrification.
You are immune to rotting.


Message History

The large abomination is struck by lightning.
You destroy the large abomination!
Qazlal accepts your kill.
Things that are here:
a +5 bardiche of venom; a +2 plate armour of poison resistance You block the chaos spawn's attack.
You impale the chaos spawn!!
The chaos spawn is severely wounded.
You puncture the chaos spawn!
The chaos spawn is almost dead.
You block the chaos spawn's attack.
You puncture the chaos spawn!
You kill the chaos spawn!
Qazlal accepts your kill.
The chaos spawn degenerates into a cloud of primal chaos!
Things that are here:
a +5 bardiche of venom; a +2 plate armour of poison resistance You see here a +0 scale mail.
There is a staircase leading out of the dungeon, spattered with blood here.
You have escaped!

...(....)...▓..▓.......▓..▓...8©8
.....).)....▓.▓▓▓.....▓▓▓.▓..)}.)
"....|......▓..▓.......▓..▓..[|}|
......(.....▓..≈≈.........▓....††
.....(......▓..≈...©......▓...†[.
....(.....≈.▓▓▓▓▓▓▓▓▓▓▓▓▓▓▓....†.
....(..(.≈..▓8888888888888▓......
▓..≈(...▓...▓8....○).....8▓..▓...
≈≈≈........≈▓8.[@))).[©..8▓......
..≈≈........▓8.§..)))....8▓≈...©.
.≈..©.......▓8888888888888▓▓▓▓▓▓▓
▓▓▓▓▓▓▓▓▓▓▓▓▓▓▓▓▓▓▓▓▓▓▓▓▓▓▓▓▓▓▓▓▓
...}.8©8..}.....▓.....[..8©8.....
|.:.)=|:}).).)=.▓..))[[}....)(.))
}....)..[))[.)).▓.[.)|.)...[.}).:
..[...=.}..:).|.▓..)))}...[.|).))
................▓...[)...)..)....


There were no monsters in sight!

Vanquished Creatures
  3 pandemonium lords (D)
  A curse toe (D)
  2 golden dragons (D)
  2 Tzitzimimeh (D)
  A lich (D)
  A Brimstone Fiend (D)
  6 Ice Fiends (D)
  2 tentacled monstrosities (D)
  2 Hell Sentinels (D)
  29 Orb Guardians (D)
  14 deep elf master archers (D)
  A quicksilver dragon (D)
  21 deep elf blademasters (D)
  A death cob (D)
  6 storm dragons (D)
  2 shadow dragons (D)
  16 deep elf sorcerers (D)
  A balrug (D)
  2 emperor scorpions (D)
  A cacodemon (D)
  A black sun (D)
  A deep elf elementalist (D)
  6 ghost moths (D)
  2 warmongers (D)
  6 stone giants (D)
  2 very ugly things (D)
  A blood saint (D)
  An entropy weaver (D)
  A vampire knight (D)
  6 green draconians (D)
  4 white draconians (D)
  19 deep elf annihilators (D)
  5 lorocyprocas (D)
  2 yellow draconians (D)
  3 spark wasps (D)
  5 red draconians (D)
  A spark wasp (shapeshifter) (D)
  7 black draconians (D)
  2 merfolk javelineers (D)
  A green death (D)
  2 blizzard demons (D)
  3 merfolk impalers (D)
  2 yaktaur captains (D)
  An ice dragon (D)
  17 deep elf high priests (D)
  3 fire dragons (D)
  2 vault guards (D)
  A great orb of eyes (D)
  2 hell beasts (D)
  A hydra (D)
  A hydra (shapeshifter) (D)
  5 spriggan air magi (D)
  A monstrous demonspawn (D)
  A merfolk avatar (D)
  6 centaur warriors (D)
  4 merfolk aquamancers (D)
  22 dancing weapons (D)
  An orc high priest (D)
  A small abomination (D)
  3 spriggan berserkers (D)
  8 soul eaters (D)
  2 sixfirhies (D)
  2 sun demons (D)
  8 deep elf knights (D)
  An infernal demonspawn (D)
  An unseen horror (shapeshifter) (D)
  3 spriggan druids (D)
  4 sea snakes (D)
  2 swamp dragons (D)
  A gelid demonspawn (D)
  A flayed ghost (D)
  11 deep elf archers (D)
  4 orb spiders (D)
  11 wolf spiders (D)
  An ironbrand convoker (D)
  28 deep elf magi (D)
  2 harpies (D)
  4 ugly things (D)
  6 cyclopes (D)
  A manticore (D)
  An orc sorcerer (D)
  A wolf spider (shapeshifter) (D)
  2 merfolk sirens (D)
  3 large abominations (D)
  A cyclops (shapeshifter) (D)
  A rust devil (D)
  An elephant (D)
  14 moths of wrath (D)
  2 naga magi (D)
  A smoke demon (D)
  A black mamba (D)
  A vault sentinel (D)
  4 orange demons (D)
  4 cane toads (D)
  3 rime drakes (D)
  3 hellions (D)
  4 komodo dragons (D)
  4 yaktaurs (D)
  A tormentor (D)
  6 demonic crawlers (D)
  7 red devils (D)
  8 jumping spiders (D)
  3 merfolk (D)
  5 wind drakes (D)
  A troll (shapeshifter) (D)
  A hippogriff (shapeshifter) (D)
  6 hornets (D)
  A raiju (shapeshifter) (D)
  3 hippogriffs (D)
  A snapping turtle (D)
  A slime creature (shapeshifter) (D)
  A flying skull (D)
  7 tarantellas (D)
  12 redbacks (D)
  A vampire (D)
  7 air elementals (D)
  3 spriggans (D)
  6 shadows (D)
  A tarantella (shapeshifter) (D)
  3 yaks (D)
  A basilisk (D)
  2 wraiths (D)
  4 fire elementals (D)
  A chaos spawn (D)
  4 water elementals (D)
  6 golden eyes (D)
  A steam dragon (D)
  4 insubstantial wisps (D)
  3 nagas (D)
  A hell hound (D)
  4 water moccasins (D)
  A porcupine (D)
  A black bear (shapeshifter) (D)
  3 black bears (D)
  2 eyes of draining (D)
  A swamp drake (D)
  2 necrophages (D)
  2 wolves (D)
  4 centaurs (D)
  A crocodile (D)
  A bullfrog (D)
  4 earth elementals (D)
  3 wights (D)
  7 crimson imps (D)
  A quasit (D)
  2 iguanas (D)
  2 adders (D)
  2 shadow imps (D)
  3 spectral adders (D)
  3 adder skeletons (D)
  2 adder zombies (D)
  A spectral bat (D)
  2 ball pythons (D)
  3 bat skeletons (D)
  2 bat zombies (D)
  A jackal (D)
  A bat simulacrum (D)
  A giant cockroach zombie (D)
  A leopard gecko skeleton (D)
  3 quokka skeletons (D)
  A spectral leopard gecko (D)
  9 crawling corpses (D)
609 creatures vanquished.

Vanquished Creatures (others)
  A green death (D)
  A sixfirhy (D)
  A torturous demonspawn (D)
  A tormentor (D)
  A red devil (D)
  A chaos spawn (D)
  A neqoxec (D)
  6 large abominations (D)
  An eye of draining (D)
  A small abomination (D)
  A goblin (D)
16 creatures vanquished.

Grand Total: 625 creatures vanquished

Notes
Turn   | Place    | Note
-------+----------+-------------------------------------------
     0 | D        | Burgietje the Gargoyle Monk began the quest for the Orb.
     0 | D        | Reached XP level 1. HP: 14/14 MP: 1/1
     3 | D        | Found a blossoming altar of Fedhas.
     4 | D        | Found the +6 Majin-Bo {vamp, MP+6 Int+6}
     4 | D        | Found the +9 heavy crossbow "Sniper" {vorpal, Acc+∞ SInv}
     4 | D        | Found the +10 dark maul {vorpal}
     4 | D        | Found the +15 Maxwell's patent armour {-Cast -Tele rElec
                  | MR+ rCorr}
     4 | D        | Found the +18 shield of the Gong {rElec rN+ MR+ EV-5}
     4 | D        | Found the cursed +14 obsidian axe {vorpal, +Fly SInv
                  | *Curse}
     4 | D        | Found the +7 great mace "Firestarter" {inner flame, rF++}
     4 | D        | Found the +6 shillelagh "Devastator" {shatter}
     4 | D        | Found the +11 plutonium sword {*Contam Stlth-}
     4 | D        | Found the +8 lance "Wyrmbane" {slay drac, rPois rF+ rC+
                  | AC+3}
     4 | D        | Found the +9 sword of Zonguldrok {reap}
     4 | D        | Found the cursed +13 scythe of Curses {drain, *Curse}
     4 | D        | Found the +0 sword of Power
     4 | D        | Found the +7 mace of Variability {chain chaos}
     4 | D        | Found the +7 Singing Sword {vorpal, sonic wave}
     4 | D        | Found the +8 storm bow {elec, penet}
     7 | D        | Found a shimmering blue altar of Sif Muna.
     7 | D        | Found a sacrificial altar of Ru.
     7 | D        | Found a bloodstained altar of Trog.
     7 | D        | Found a stormy altar of Qazlal.
     7 | D        | Found an iron altar of Okawaru.
     7 | D        | Found a sparkling altar of Nemelex Xobeh.
     9 | D        | Found a transporter.
     9 | D        | Found an ancient bone altar of Kikubaaqudgha.
     9 | D        | Found a viscous altar of Jiyva.
     9 | D        | Found a corrupted altar of Lugonu.
     9 | D        | Found a hazy altar of Hepliaklqana.
     9 | D        | Found a burning altar of Makhleb.
     9 | D        | Found an opulent altar of Gozag.
    60 | D        | Became a worshipper of Qazlal Stormbringer
    60 | D        | Reached * piety under Qazlal
    60 | D        | Reached ** piety under Qazlal
    70 | D        | Reached XP level 2. HP: 19/19 MP: 1/7
   131 | D        | Entered arena 2.
   131 | D        | Noticed a large abomination
   131 | D        | Found a transporter.
   135 | D        | Killed a large abomination
   135 | D        | Reached XP level 3. HP: 17/30 MP: 8/10
   135 | D        | Reached XP level 4. HP: 20/36 MP: 8/11
   135 | D        | Reached XP level 5. HP: 22/40 MP: 9/13
   135 | D        | Reached XP level 6. HP: 25/45 MP: 9/14
   271 | D        | Entered arena 3.
   271 | D        | Noticed a golden eye
   271 | D        | Noticed an eye of draining
   271 | D        | Noticed an eye of draining
   271 | D        | Found a transporter.
   274 | D        | Killed a golden eye
   274 | D        | Reached XP level 7. HP: 51/51 MP: 9/15
   285 | D        | Reached *** piety under Qazlal
   290 | D        | Reached skill level 10 in Fighting
   496 | D        | Entered arena 4.
   496 | D        | Found a transporter.
   503 | D        | Reached **** piety under Qazlal
   510 | D        | Entered arena 5.
   510 | D        | Noticed a spriggan
   510 | D        | Noticed a spriggan
   510 | D        | Found a transporter.
   517 | D        | Killed a spriggan
   517 | D        | Reached XP level 8. HP: 58/58 MP: 17/17
   524 | D        | Reached ***** piety under Qazlal
   525 | D        | Killed a spriggan
   533 | D        | Entered arena 6.
   533 | D        | Found a transporter.
   548 | D        | Entered arena 7.
   548 | D        | Noticed a naga mage
   548 | D        | Noticed a naga mage
   549 | D        | Found a transporter.
   551 | D        | Reached skill level 10 in Polearms
   558 | D        | Killed a naga mage
   558 | D        | Reached ****** piety under Qazlal
   558 | D        | Reached XP level 9. HP: 63/65 MP: 19/19
   568 | D        | Killed a naga mage
   576 | D        | Entered arena 8.
   576 | D        | Noticed a spriggan druid
   576 | D        | Noticed a spriggan druid
   576 | D        | Noticed a spriggan druid
   577 | D        | Killed a spriggan druid
   578 | D        | Killed a spriggan druid
   578 | D        | Reached skill level 15 in Invocations
   578 | D        | Reached XP level 10. HP: 74/74 MP: 15/21
   578 | D        | Killed a spriggan druid
   585 | D        | Found a transporter.
   638 | D        | Entered arena 9.
   638 | D        | Noticed a black mamba
   639 | D        | Found a transporter.
   650 | D        | Killed a black mamba
   674 | D        | Got the ring "Lotsylette" {rCorr Str+2}
   691 | D        | Entered arena 10.
   691 | D        | Noticed a cane toad
   693 | D        | Killed a cane toad
   694 | D        | Found a transporter.
   706 | D        | Reached skill level 15 in Fighting
   747 | D        | Entered arena 11.
   747 | D        | Noticed a vault guard
   747 | D        | Noticed a vault guard
   747 | D        | Noticed a fire dragon
   747 | D        | Noticed an ironbrand convoker
   747 | D        | Noticed a stone giant
   747 | D        | Noticed a vault sentinel
   748 | D        | Found the +7 Kryia's mail coat {PotionHeal*2 rC+}
   748 | D        | Found a transporter.
   749 | D        | Killed a vault sentinel
   749 | D        | Reached XP level 11. HP: 76/81 MP: 16/23
   749 | D        | Killed an ironbrand convoker
   749 | D        | Killed a vault guard
   749 | D        | Killed a vault guard
   749 | D        | Killed a stone giant
   749 | D        | Killed a ghost moth
   754 | D        | Killed a fire dragon
   829 | D        | Entered arena 12.
   829 | D        | Noticed a wolf spider
   829 | D        | Noticed a spriggan air mage
   829 | D        | Noticed a spriggan berserker
   829 | D        | Noticed a spriggan air mage
   830 | D        | Killed a spriggan air mage
   830 | D        | Reached XP level 12. HP: 92/92 MP: 25/25
   830 | D        | Killed a spriggan air mage
   830 | D        | Killed a spriggan berserker
   844 | D        | Found a transporter.
   870 | D        | Entered arena 13.
   870 | D        | Noticed a six-headed hydra
   870 | D        | Noticed a fire dragon
   870 | D        | Noticed a fire dragon
   871 | D        | Noticed an ice dragon
   872 | D        | Killed a fire dragon
   872 | D        | Killed a fire dragon
   872 | D        | Killed a six-headed hydra
   873 | D        | Found a transporter.
   882 | D        | Killed an ice dragon
   888 | D        | Got the amulet "Amuirr" {Inacc rF+}
   915 | D        | Entered arena 14.
   915 | D        | Noticed a spriggan berserker
   915 | D        | Noticed a spriggan air mage
   916 | D        | Noticed a spriggan air mage
   917 | D        | Identified the +7 short sword "Timuxyni" {vorpal, MR+}
   917 | D        | Noticed a spriggan berserker
   918 | D        | Noticed a death yak
   918 | D        | Killed a spriggan berserker
   918 | D        | Killed a spriggan air mage
   918 | D        | Reached XP level 13. HP: 102/102 MP: 27/27
   919 | D        | Found a transporter.
   953 | D        | Entered arena 15.
   955 | D        | Found the +8 orange crystal plate armour {Archmagi, Int+3
                  | Clar}
   957 | D        | Noticed a vampire knight
   970 | D        | Killed a vampire knight
   974 | D        | Found a transporter.
   982 | D        | Got the ring "Qegeng" {+Blink rPois rN+ Dex-2 SInv}
  1014 | D        | Entered arena 16.
  1014 | D        | Noticed a storm dragon
  1015 | D        | Noticed a storm dragon
  1016 | D        | Killed a storm dragon
  1018 | D        | Found a transporter.
  1020 | D        | Killed a storm dragon
  1031 | D        | Got the ring of Toduremn {MR+ Int+6 Dex-2}
  1074 | D        | Entered arena 17.
  1076 | D        | Noticed a brown very ugly thing
  1077 | D        | Noticed a purple very ugly thing
  1080 | D        | Killed a purple very ugly thing
  1084 | D        | Killed a brown very ugly thing
  1085 | D        | Found a transporter.
  1098 | D        | Got the ring "Oloucs" {+Inv AC+4 Str-2 Dex+3}
  1116 | D        | Entered arena 18.
  1119 | D        | Noticed a shadow dragon
  1120 | D        | Gained mutation: Your large and strong wings let you fly
                  | indefinitely. [Gargoyle growth]
  1120 | D        | Reached XP level 14. HP: 92/114 MP: 29/29
  1129 | D        | Killed a shadow dragon
  1135 | D        | Found a transporter.
  1154 | D        | Got the +0 pair of gloves of Summer {rN+}
  1194 | D        | Entered arena 19.
  1203 | D        | Found a transporter.
  1208 | D        | Got the amulet of the Original Sin {Acrobat MR+}
  1220 | D        | Got the ring of Reimbursement {Ice rElec Int+3 Stlth-}
  1233 | D        | Entered arena 20.
  1238 | D        | Noticed an emperor scorpion
  1238 | D        | Noticed an entropy weaver
  1239 | D        | Found the +8 arc blade {discharge, rElec}
  1249 | D        | Killed an emperor scorpion
  1277 | D        | Killed an entropy weaver
  1278 | D        | Found a transporter.
  1282 | D        | Killed a ghost moth
  1423 | D        | Entered arena 21.
  1429 | D        | Reached XP level 15. HP: 103/125 MP: 32/32
  1429 | D        | Reached skill level 27 in Invocations
  1431 | D        | Reached skill level 27 in Fighting
  1431 | D        | Reached skill level 1 in Armour
  1434 | D        | Found a transporter.
  1463 | D        | Entered arena 22.
  1466 | D        | Identified the +1 dagger "Kenedgh" {vorpal, Dex+5}
  1467 | D        | Noticed a deep elf master archer
  1467 | D        | Noticed a deep elf master archer
  1467 | D        | Identified the ring of Mudae {rC+ MR+ MP-9 Str+4 Dex+6}
  1468 | D        | Identified the ring "Utineereil" {Fire rN+++ Int+3 Dex-4}
  1468 | D        | Noticed a deep elf master archer
  1469 | D        | Reached skill level 5 in Armour
  1469 | D        | Killed a deep elf master archer
  1469 | D        | Reached skill level 10 in Armour
  1469 | D        | Killed a deep elf master archer
  1469 | D        | Reached skill level 15 in Shields
  1471 | D        | Found a transporter.
  1480 | D        | Killed a deep elf master archer
  1531 | D        | Entered arena 23.
  1535 | D        | Noticed a deep elf blademaster
  1537 | D        | Noticed a deep elf blademaster
  1537 | D        | Noticed a deep elf blademaster
  1537 | D        | Identified the ring "Parosmaf" {rC+ MP-9 Str+8 Int+3 SInv}
  1537 | D        | Noticed a deep elf master archer
  1538 | D        | Reached skill level 15 in Armour
  1538 | D        | Reached XP level 16. HP: 133/133 MP: 33/33
  1538 | D        | Killed a deep elf master archer
  1538 | D        | Killed a deep elf blademaster
  1538 | D        | Killed a deep elf blademaster
  1538 | D        | Killed a deep elf blademaster
  1538 | D        | Killed a deep elf blademaster
  1539 | D        | Identified the +9 long sword of Haefa {antimagic, MR+
                  | Int+2}
  1541 | D        | Found a transporter.
  1701 | D        | Entered arena 24.
  1706 | D        | Noticed a deep elf blademaster
  1706 | D        | Noticed a deep elf blademaster
  1706 | D        | Noticed a deep elf master archer
  1707 | D        | Noticed a deep elf master archer
  1707 | D        | Noticed a deep elf blademaster
  1707 | D        | Noticed a deep elf blademaster
  1708 | D        | Found the +8 autumn katana {vorpal, Clar}
  1708 | D        | Found the +0 pair of fencer's gloves {Riposte Dex+3}
  1708 | D        | Killed a deep elf master archer
  1708 | D        | Killed a deep elf blademaster
  1708 | D        | Killed a deep elf blademaster
  1708 | D        | Killed a deep elf master archer
  1708 | D        | Killed a deep elf blademaster
  1708 | D        | Killed a deep elf master archer
  1708 | D        | Reached XP level 17. HP: 113/139 MP: 34/34
  1708 | D        | Killed a deep elf blademaster
  1708 | D        | Identified the cursed ring of Xavvusoth {Dex-4 SInv}
  1708 | D        | Noticed a deep elf blademaster
  1708 | D        | Identified the cursed +3 quarterstaff "Iwaosud" {holy,
                  | MR++}
  1709 | D        | Identified the cursed +3 battleaxe of Deud Zocue {vorpal,
                  | *Rage Fragile rN+++ SInv}
  1709 | D        | Identified the ring of Etoxafud {rF- Int+5 SInv}
  1710 | D        | Identified the +12 quarterstaff of Yeast {pain, rF+++ rN++
                  | MR- Int-5}
  1711 | D        | Found the +8 longbow "Zephyr" {speed, Dex+3 SInv}
  1711 | D        | Killed a deep elf blademaster
  1712 | D        | Found a transporter.
  1907 | D        | Entered arena 25.
  1912 | D        | Noticed a deep elf blademaster
  1913 | D        | Noticed a deep elf master archer
  1914 | D        | Noticed a deep elf blademaster
  1914 | D        | Identified the +5 scale mail "Hom Upia" {+Blink rElec rN+
                  | rCorr Int-4}
  1914 | D        | Noticed a deep elf master archer
  1915 | D        | Noticed a deep elf blademaster
  1915 | D        | Noticed a deep elf blademaster
  1915 | D        | Noticed a deep elf blademaster
  1915 | D        | Noticed a deep elf master archer
  1916 | D        | Killed a deep elf master archer
  1916 | D        | Killed a deep elf blademaster
  1916 | D        | Reached skill level 27 in Shields
  1916 | D        | Killed a deep elf blademaster
  1916 | D        | Reached skill level 27 in Armour
  1916 | D        | Reached skill level 5 in Dodging
  1916 | D        | Identified the +4 short sword "Glorpo" {vorpal, *Rage
                  | +Blink rElec Str+5}
  1916 | D        | Identified the +6 war axe of the Big Fish {flame, rElec
                  | MR++ Int+3 Dex-2}
  1917 | D        | Killed a deep elf master archer
  1917 | D        | Reached XP level 18. HP: 134/145 MP: 27/35
  1917 | D        | Killed a deep elf blademaster
  1917 | D        | Reached skill level 10 in Dodging
  1917 | D        | Killed a deep elf blademaster
  1917 | D        | Killed a deep elf master archer
  1917 | D        | Killed a deep elf blademaster
  1917 | D        | Identified the +11 dagger "Ilaximeu" {holy, rElec rN+} (You
                  | took it off a deep elf sorcerer in the Dungeon)
  1919 | D        | Identified the +10 mace of Bloodstone {drain, SInv} (You
                  | took it off a deep elf mage in the Dungeon)
  1920 | D        | Identified the +3 eveningstar of Masushuo {flame, rElec}
  1921 | D        | Found a transporter.
  1987 | D        | Entered arena 26.
  1997 | D        | Found the +3 giant club "Skullcrusher" {speed, Str+7}
  1997 | D        | Reached skill level 15 in Polearms
  1997 | D        | Reached skill level 15 in Dodging
  2006 | D        | Found the ring of Shadows {Umbra +Inv Stlth+}
  2049 | D        | Found a transporter.
  2065 | D        | Got the ring of Siqes {+Fly Int+4 Dex+4}
  2069 | D        | Found the +8 demon trident "Rift" {distort, reach+}
  2069 | D        | Got the ring of the Genius {Wiz rF+}
  2072 | D        | Got the cursed -2 helmet of the Land of Plenty {rC++}
  2077 | D        | Got the ring of Nuanleg {+Blink rElec rC+ AC+4 Dex+3}
  2082 | D        | Got the ring "Jiuhith" {rElec rF- Int+6 Slay+4}
  2275 | D        | Entered arena 27.
  2282 | D        | Noticed a deep elf master archer
  2283 | D        | Noticed a deep elf blademaster
  2283 | D        | Noticed a deep elf master archer
  2283 | D        | Noticed a deep elf master archer
  2283 | D        | Noticed a deep elf master archer
  2283 | D        | Identified the +8 long sword of Roacid {vamp, *Contam MP+9
                  | Stlth+}
  2283 | D        | Noticed a deep elf blademaster
  2283 | D        | Noticed a deep elf blademaster
  2284 | D        | Noticed a deep elf blademaster
  2284 | D        | Noticed a deep elf blademaster
  2285 | D        | Found the +3 pair of gauntlets of War {Slay+5}
  2285 | D        | Noticed a deep elf blademaster
  2285 | D        | Noticed a deep elf blademaster
  2285 | D        | Identified the amulet of Gapped {Spirit Str+4 Int+3 Dex-5}
  2285 | D        | Identified the amulet "Pikkoheng" {RegenMP +Inv rElec Str+5
                  | Stlth-}
  2285 | D        | Identified the ring "Yxiuriz" {+Fly rC- rN+++ EV+4 Int-4}
  2286 | D        | Killed a deep elf blademaster
  2286 | D        | Killed a deep elf master archer
  2286 | D        | Killed a deep elf master archer
  2286 | D        | Killed a deep elf master archer
  2286 | D        | Killed a deep elf master archer
  2286 | D        | Killed a deep elf blademaster
  2286 | D        | Killed a deep elf blademaster
  2286 | D        | Reached XP level 19. HP: 149/151 MP: 36/36
  2289 | D        | Found a transporter.
  2289 | D        | Identified the cursed +1 scale mail of Dishonesty {rCorr
                  | Str-2 Int+2}
  2308 | D        | Found the +1 cloak of Starlight {rElec rC+ EV+4 Stlth--}
  2373 | D        | Entered arena 28.
  2380 | D        | Noticed a golden dragon
  2381 | D        | Noticed a golden dragon
  2382 | D        | Identified the +2 mace of Melee {vorpal, rF+ rN+ Dex+3}
  2382 | D        | Identified the +7 trident "Suinen" {vorpal, *Noise Str+7}
  2382 | D        | Noticed a tentacled monstrosity
  2386 | D        | Noticed a tentacled monstrosity
  2390 | D        | Noticed a curse toe
  2392 | D        | Reached XP level 20. HP: 156/157 MP: 37/37
  2392 | D        | Reached skill level 27 in Polearms
  2392 | D        | Killed a golden dragon
  2393 | D        | Reached skill level 27 in Dodging
  2393 | D        | Reached skill level 10 in Evocations
  2393 | D        | Killed a golden dragon
  2394 | D        | Reached skill level 15 in Evocations
  2394 | D        | Killed a curse toe
  2400 | D        | Found a transporter.
  2421 | D        | Got the ring of Cunokhleo {Ice rPois Dex+5}
  2573 | D        | Got the Orb of Zot
  3014 | D        | Noticed a Brimstone Fiend
  3024 | D        | Killed a Brimstone Fiend
  3136 | D        | Noticed Wyciseq the pandemonium lord
  3158 | D        | Killed Wyciseq the pandemonium lord
  3271 | D        | Noticed Xicar the pandemonium lord
  3282 | D        | Killed Xicar the pandemonium lord
  3308 | D        | Reached XP level 21. HP: 114/163 MP: 38/38
  6227 | D        | Reached skill level 27 in Evocations
  6227 | D        | Reached skill level 1 in Spellcasting
  6444 | D        | Reached skill level 5 in Spellcasting
  6895 | D        | Reached skill level 10 in Spellcasting
  7627 | D        | Reached skill level 15 in Spellcasting
  9112 | D        | Noticed Poph the pandemonium lord
  9140 | D        | Killed Poph the pandemonium lord
  9155 | D        | Escaped with the Orb!

Illustrated notes

Levels and vault maps discovered:
D:        sprint_v [room_start, room_1, room_2, room_3, room_4, room_5, room_6,
          room_7, room_8, room_9, room_10, room_11, room_12, room_13, room_14,
          room_15, room_16, room_17, room_18, room_19, room_20, room_21,
          room_22, room_23, room_24, room_25, room_26, room_27]

Skill      XL: |  1  2  3  4  5  6  7  8  9 10 11 12 13 14 15 16 17 18 19 20 21 |
---------------+----------------------------------------------------------------+-----
Invocations    | 8 11 12 13 15 16 18 21 23 26 27 | 27.0
Fighting       | 8 9 10 12 13 15 17 20 23 26 27 | 27.0
Polearms       | 7 8 10 11 13 14 21 26 27 | 27.0
Armour         | 15 22 27 | 27.0
Shields        | 17 23 27 | 27.0
Dodging        | 9 19 24 27 | 27.0
Evocations     | 22 27 | 27.0
Spellcasting   | 20 | 20.6
Stealth        | |  2.1

Action                   |  1- 3 |  4- 6 |  7- 9 | 10-12 | 13-15 | 16-18 | 19-21 || total
-------------------------+-------+-------+-------+-------+-------+-------+-------++-------
Melee: Lance             |     4 |     4 |    59 |    66 |    83 |    77 |   505 ||   798
Invok: Upheaval          |       |       |     1 |     3 |       |       |       ||     4
       Disaster Area     |       |       |       |     3 |    11 |     8 |     5 ||    27
 Abil: Fly               |       |       |       |       |     1 |       |       ||     1
  Use: Potion            |     2 |     1 |     1 |       |     4 |     1 |       ||     9
Armor: Gold dragon scale |     4 |     7 |    23 |    17 |   143 |    54 |    60 ||   308
Dodge: Dodged            |       |       |     1 |     2 |     7 |    25 |    87 ||   122
       Repelled          |       |       |       |       |       |       |     3 ||     3
Block: Tower shield      |     5 |     5 |    40 |    60 |   110 |   104 |   316 ||   640

Table legend: (Time is in decaauts)
 A = Elapsed time spent in this place.
 B = Non-inter-level travel time spent in this place.
 C = Inter-level travel time spent in this place.
 D = Time resting spent in this place.
 E = Time spent auto-exploring this place.
 F = Levels seen in this place.
 G = Mean time per level.
                   A        B        C        D        E       F      G
               +--------+--------+--------+--------+--------+-----+--------+
         Total |   8797 |   8797 |      0 |   7392 |      0 |   1 | 8797.0 |
       Dungeon |   8797 |   8797 |      0 |   7392 |      0 |   1 | 8797.0 |
               +--------+--------+--------+--------+--------+-----+--------+

Top non-repeatable levels by time:
       D: 8797 daAuts
